 Dungeon Crawl Stone Soup version 0.29-a0-341-g24ffce5b50 (webtiles) character file.

Game seed: 3757056986864014089

695 croobank the Shield-Bearer (level 7, -13/60 HPs)
             Began as a Gnoll Fighter on Apr 21, 2022.
             Was an Initiate of Okawaru.
             Killed from afar by Ijyb (20 damage)
             ... with a bolt of acid
             ... on level 4 of the Dungeon.
             The game lasted 00:09:47 (4404 turns).

croobank the Shield-Bearer (Gnoll Fighter)          Turns: 4404, Time: 00:09:48

Health: -13/60     AC: 10    Str: 18    XL:     7   Next: 64%
Magic:  10/10      EV: 11    Int:  7    God:    Okawaru [......]
Gold:   266        SH:  5    Dex: 11    Spells: 11/11 levels left

rFire   + + .      SeeInvis .   a - +3 war axe (vorpal)
rCold   + . .      Faith    .   c - +0 buckler
rNeg    . . .      Spirit   .   q - +2 ring mail {rF+}
rPois   .          Reflect  .   f - +1 helmet
rElec   .          Harm     .   h - scarf {rC+ rF+}
rCorr   .          Rampage  .   (no gloves)
Will    .....                   (no boots)
Stlth   +.........              (no amulet)
HPRegen 0.20/turn               (no ring)
MPRegen 0.12/turn               (no ring)

@: mighty
A: fangs 1, strong nose, distributed training
a: Renounce Religion


You were on level 4 of the Dungeon.
You worshipped Okawaru.
Okawaru was noncommittal.
You visited 1 branch of the dungeon, and saw 4 of its levels.
You also visited: Sewer.

You collected 266 gold pieces.

Inventory:

Hand Weapons
 a - a +3 vorpal war axe (weapon)
 b - the +0 hunting sling of the Pits of Slime {flame, +Blink rPois Will+++ Dex-2}
   (You found it on level 3 of the Dungeon)

   Any ammunition fired from it burns those it strikes, dealing additional fire
   damage.
   Dex:       It affects your dexterity (-2).
   rPois:     It protects you from poison.
   +Blink:    It lets you blink.
   Will:      It greatly increases your willpower.
Armour
 c - a +0 buckler (worn)
 e - a scarf of shadows
 f - a +1 helmet (worn)
 h - a scarf of resistance (worn)
 j - a +2 robe of fire resistance
 o - a +0 scale mail
 q - a +2 ring mail of fire resistance (worn)
Wands
 l - a wand of mindburst (31)
Scrolls
 i - a scroll of enchant armour
 p - a scroll of fog
Potions
 k - 7 potions of flight
 m - a potion of attraction {unknown}
 n - 2 potions of curing


   Skills:
 + Level 7.1 Fighting
 + Level 2.6 Short Blades
 + Level 2.6 Long Blades
 + Level 5.3 Axes
 + Level 2.6 Maces & Flails
 + Level 2.6 Polearms
 + Level 2.6 Staves
 + Level 2.6 Slings
 + Level 2.6 Bows
 + Level 2.6 Crossbows
 + Level 2.6 Throwing
 + Level 7.1 Armour
 + Level 2.6 Dodging
 + Level 2.6 Stealth
 + Level 7.1 Shields
 + Level 2.6 Unarmed Combat
 + Level 2.6 Spellcasting
 + Level 2.1 Conjurations
 + Level 2.1 Hexes
 + Level 2.1 Summonings
 + Level 2.1 Necromancy
 + Level 2.1 Translocations
 + Level 2.1 Transmutations
 + Level 2.1 Fire Magic
 + Level 2.1 Ice Magic
 + Level 2.1 Air Magic
 + Level 2.1 Earth Magic
 + Level 2.1 Poison Magic
 + Level 2.9 Invocations
 + Level 2.6 Evocations


You had 11 spell levels left.
You didn't know any spells.
Your spell library contained the following spells:

 Spells                   Type           Power      Damage    Failure   Level
 Inner Flame              Hex/Fire       3%         N/A       67%         3
 Cause Fear               Hex            1%         N/A       97%         4
 Discord                  Hex            1%         N/A       100%        8


Dungeon Overview and Level Annotations

Branches:
Dungeon (4/15)              Sewer (visited)
 Temple: D:4-7

Altars:
Okawaru

Annotations:
D:4 Ijyb


Innate Abilities, Weirdness & Mutations

You have very sharp teeth.
Your uncanny sense of smell can sniff out nearby items.
Your experience applies equally to all skills.


Message History

You destroy the phantom!
Okawaru accepts your kill.
You barely miss the orc priest. The orc priest hits you with a +0 mace.
You slash the orc priest!
You kill the orc priest!
Okawaru accepts your kill.
You closely miss the goblin. You block the goblin's attack.
The goblin hits you but does no damage.
You slash the goblin!
You kill the goblin!
Okawaru accepts your kill.
No target in view!
A goblin comes into view. It is wielding a +0 club.
Ijyb, a goblin and an orc come into view.
Ijyb is wielding a +0 dagger and carrying a wand of acid (7).
Found a Trismegistus Codex.
Ijyb shouts!
The goblin shouts!
The orc shouts!
Ijyb drinks a potion.
Ijyb seems to speed up.
A goblin comes into view.
It is wielding a +1 dagger of protection.
Items here: ))) [ ††.
Okay, then.
You feel very mighty all of a sudden.
Ijyb zaps a wand.
The bolt of acid hits the goblin!!
The acid corrodes the goblin!
The goblin dies!
The bolt of acid hits you!!
A goblin comes into view. It is wielding a +0 dagger.
A goblin comes into view. It is wielding a +0 club.
You feel much better.
The goblin shouts!
Ijyb zaps a wand.
The bolt of acid hits the orc!
The bolt of acid hits you!!!
Ouch! That really hurt!
* * * LOW HITPOINT WARNING * * *
The orc attacks as you move away! The orc completely misses you.
The orc attacks as you move away! The orc closely misses you.
Ijyb throws a stone.
The stone barely misses you. The orc attacks as you move away!
The orc barely misses you. The orc attacks as you move away!
The orc barely misses you.
Ijyb zaps a wand.
The bolt of acid misses the orc.
The bolt of acid hits you!!
You die...

#.#)gg.8g8 #.# #.g#
##########.#
##.#######....)../..#
#.g......#.#########
#.g......#..#
#........##.#
#.g......# .#
##.o.....# .#
#.@.....# .#
#.......# ..
####.#### #.# .# .#


You could see Ijyb (fast), an orc and 3 goblins.

Vanquished Creatures
  Sigmund (D:2)
  An ogre (D:4)
  A phantom (D:4)
  A hound (D:4)
  An orc priest (D:4)
  Natasha (thrice) (D:2)
  An iguana (D:3)
  Robin (D:2)
  8 adders
  3 river rats (Sewer)
  A worm (D:3)
  A dart slug (D:1)
  4 orcs
  10 ball pythons
  3 endoplasms
  5 giant cockroaches
  6 goblins
  6 hobgoblins
  5 jackals (Sewer)
  7 kobolds
  6 quokkas
  15 bats
  7 frilled lizards
  3 rats (D:3)
100 creatures vanquished.

Vanquished Creatures (others)
  A goblin (D:4)
  7 plants (D:3)
8 creatures vanquished.

Grand Total: 108 creatures vanquished

Notes
Turn   | Place    | Note
-------+----------+-------------------------------------------
     0 | D:1      | croobank the Gnoll Fighter began the quest for the Orb.
     0 | D:1      | Reached XP level 1. HP: 23/23 MP: 1/1
   246 | D:1      | Reached XP level 2. HP: 29/29 MP: 2/2
   328 | D:1      | Found a faded altar of an unknown god.
  1076 | D:2      | Noticed Natasha
  1085 | D:2      | Killed Natasha
  1086 | D:2      | Reached skill level 1 in Invocations
  1086 | D:2      | Reached XP level 3. HP: 18/35 MP: 2/4
  1257 | D:2      | Noticed Sigmund
  1262 | D:2      | Killed Sigmund
  1263 | D:2      | Reached skill level 1 in Short Blades
  1263 | D:2      | Reached skill level 1 in Long Blades
  1263 | D:2      | Reached skill level 1 in Maces & Flails
  1263 | D:2      | Reached skill level 1 in Polearms
  1263 | D:2      | Reached skill level 1 in Staves
  1263 | D:2      | Reached skill level 1 in Slings
  1263 | D:2      | Reached skill level 1 in Bows
  1263 | D:2      | Reached skill level 1 in Crossbows
  1263 | D:2      | Reached skill level 1 in Throwing
  1263 | D:2      | Reached skill level 1 in Dodging
  1263 | D:2      | Reached skill level 1 in Stealth
  1263 | D:2      | Reached skill level 1 in Unarmed Combat
  1263 | D:2      | Reached skill level 1 in Spellcasting
  1263 | D:2      | Reached skill level 1 in Conjurations
  1263 | D:2      | Reached skill level 1 in Hexes
  1263 | D:2      | Reached skill level 1 in Summonings
  1263 | D:2      | Reached skill level 1 in Necromancy
  1263 | D:2      | Reached skill level 1 in Translocations
  1263 | D:2      | Reached skill level 1 in Transmutations
  1263 | D:2      | Reached skill level 1 in Fire Magic
  1263 | D:2      | Reached skill level 1 in Ice Magic
  1263 | D:2      | Reached skill level 1 in Air Magic
  1263 | D:2      | Reached skill level 1 in Earth Magic
  1263 | D:2      | Reached skill level 1 in Poison Magic
  1263 | D:2      | Reached skill level 1 in Evocations
  1263 | D:2      | Reached XP level 4. HP: 41/41 MP: 4/6
  1263 | D:2      | Reached XP level 5. HP: 47/47 MP: 4/7
  1428 | D:2      | Noticed Natasha
  1434 | D:2      | Killed Natasha
  1435 | D:2      | Reached XP level 6. HP: 46/53 MP: 8/8
  1522 | D:2      | Noticed Robin
  1536 | D:2      | Killed Robin
  1543 | D:2      | Noticed Natasha
  1548 | D:2      | Killed Natasha
  1883 | D:2      | Found an iron altar of Okawaru.
  1890 | D:2      | Became a worshipper of Warmaster Okawaru
  2213 | D:3      | Reached skill level 5 in Axes
  2672 | D:3      | Found a glowing drain.
  2691 | Sewer    | Entered a sewer
  3055 | Sewer    | Reached XP level 7. HP: 50/59 MP: 10/10
  3657 | D:3      | Identified the +0 hunting sling of the Pits of Slime
                  | {flame, +Blink rPois Will+++ Dex-2}
  4395 | D:4      | Noticed Ijyb
  4404 | D:4      | Killed from afar by Ijyb

Illustrated notes

Levels and vault maps discovered:
D:1:      lemuel_arrival_rhombus, layout_basic, basic_ecumenical_altar
D:2:      layout_basic, basic_altar, uniq_sigmund, uniq_natasha, uniq_robin
D:3:      layout_loops_ring, cheibrodos_sewer_entry_bend, dk_noncrumbling_4,
          serial_bayou_ford_a, grunt_decor_arrowhead, kennysheep_generic_room_12
D:4:      kennysheep_the_goblin_king, layout_loops_ring,
          cheibrodos_ashenzari_chains

Skill      XL: |  1  2  3  4  5  6  7 |
---------------+----------------------+-----
Invocations    | 1 2 |  2.9
Short Blades   | 1 2 |  2.6
Long Blades    | 1 2 |  2.6
Maces & Flails | 1 2 |  2.6
Polearms       | 1 2 |  2.6
Staves         | 1 2 |  2.6
Slings         | 1 2 |  2.6
Bows           | 1 2 |  2.6
Crossbows      | 1 2 |  2.6
Throwing       | 1 2 |  2.6
Dodging        | 1 2 |  2.6
Stealth        | 1 2 |  2.6
Unarmed Combat | 1 2 |  2.6
Spellcasting   | 1 2 |  2.6
Conjurations   | 1 2 |  2.1
Hexes          | 1 2 |  2.1
Summonings     | 1 2 |  2.1
Necromancy     | 1 2 |  2.1
Translocations | 1 2 |  2.1
Transmutations | 1 2 |  2.1
Fire Magic     | 1 2 |  2.1
Ice Magic      | 1 2 |  2.1
Air Magic      | 1 2 |  2.1
Earth Magic    | 1 2 |  2.1
Poison Magic   | 1 2 |  2.1
Evocations     | 1 2 |  2.6
Axes           | 5 |  5.3
Fighting       | 7 |  7.1
Armour         | 7 |  7.1
Shields        | 7 |  7.1

Action                   |  1- 3 |  4- 6 |  7- 9 || total
-------------------------+-------+-------+-------++-------
Melee: War axe           |    47 |   124 |    51 ||   222
       Bite              |     2 |     5 |     3 ||    10
  Use: Potion            |     1 |       |     2 ||     3
       Scroll            |       |     9 |       ||     9
Armor: Scale mail        |    24 |    76 |    12 ||   112
       Ring mail         |       |       |     8 ||     8
Dodge: Dodged            |    17 |    75 |    31 ||   123
Block: Buckler           |    12 |    26 |    18 ||    56

Table legend: (Time is in decaauts)
 A = Elapsed time spent in this place.
 B = Non-inter-level travel time spent in this place.
 C = Inter-level travel time spent in this place.
 D = Time resting spent in this place.
 E = Time spent auto-exploring this place.
 F = Levels seen in this place.
 G = Mean time per level.
                   A        B        C        D        E       F      G
               +--------+--------+--------+--------+--------+-----+--------+
         Total |   4681 |   4507 |    174 |     51 |   3488 |   5 |  936.2 |
       Dungeon |   3703 |   3529 |    174 |     51 |   2855 |   4 |  925.8 |
         Sewer |    978 |    978 |      0 |      0 |    633 |   1 |  978.0 |
               +--------+--------+--------+--------+--------+-----+--------+

Top non-repeatable levels by time:
     D:2: 1317 daAuts
     D:3: 1105 daAuts
   Sewer: 978 daAuts
     D:1: 907 daAuts
     D:4: 373 daAuts
